[ AOE2 MATCH · #483148301 ]
UnrankedAztecs vs Saracens
Player's team · LOSS
[ REPLAY ANALYSIS · EXTRACTED FROM THE RECORDED GAME ]
Feudal
14:11
Castle
26:05
Imperial
37:00
| APM avg | 9.7 |
| APM peak | 38 |
| eAPM avg | 6.4 |
| Villagers / military | 145 / 723 |
Focus
⚔️ 49.1% · 🌾 50.9%
Jaguar Warrior ×298 · Spearman ×204 · Eagle Scout ×154 · Skirmisher ×55 · Trade Cart ×23 · Unknown (882) ×15
Feudal
12:57
Castle
21:28
Imperial
47:12
| APM avg | 24.4 |
| APM peak | 109 |
| eAPM avg | 20.8 |
| Villagers / military | 160 / 962 |
Focus
⚔️ 53.7% · 🌾 46.3%
Huskarl ×586 · Spearman ×305 · Knight ×62 · Trade Cart ×24 · Unknown (882) ×12 · Militia ×9
Feudal
12:15
Castle
21:35
Imperial
37:14
| APM avg | 15.4 |
| APM peak | 57 |
| eAPM avg | 12.7 |
| Villagers / military | 270 / 495 |
Focus
⚔️ 45.1% · 🌾 54.9%
Scout Cavalry ×282 · Archer ×54 · Trade Cart ×51 · Skirmisher ×36 · Mameluke ×35 · Camel Scout ×31
Feudal
10:43
Castle
22:02
Imperial
36:43
| APM avg | 12.7 |
| APM peak | 55 |
| eAPM avg | 8.6 |
| Villagers / military | 107 / 1007 |
Focus
⚔️ 60.0% · 🌾 40.0%
Genoese Crossbowman ×633 · Hand Cannoneer ×223 · Bombard Cannon ×83 · Trade Cart ×50 · Mangonel ×38 · Spearman ×15
Feudal
12:25
Castle
26:01
Imperial
38:42
| APM avg | 36.4 |
| APM peak | 108 |
| eAPM avg | 29.7 |
| Villagers / military | 351 / 1083 |
Focus
⚔️ 55.2% · 🌾 44.8%
Scorpion ×373 · Skirmisher ×314 · Knight ×125 · Battering Ram ×91 · Trade Cart ×90 · Spearman ×50
Feudal
12:24
Castle
24:51
Imperial
91:24
| APM avg | 12.6 |
| APM peak | 61 |
| eAPM avg | 9.3 |
| Villagers / military | 149 / 349 |
Focus
⚔️ 37.7% · 🌾 62.3%
Scout Cavalry ×326 · Spearman ×16 · Militia ×4 · Mangonel ×2 · Scorpion ×1
Feudal
11:53
Castle
20:35
Imperial
33:38
| APM avg | 7.5 |
| APM peak | 43 |
| eAPM avg | 5.5 |
| Villagers / military | 169 / 125 |
Focus
⚔️ 34.6% · 🌾 65.4%
Spearman ×50 · Skirmisher ×21 · Knight ×15 · Bombard Cannon ×15 · Archer ×11 · War Elephant ×7
Feudal
11:46
Castle
27:39
Imperial
45:24
| APM avg | 15.1 |
| APM peak | 44 |
| eAPM avg | 8.2 |
| Villagers / military | 87 / 1028 |
Focus
⚔️ 53.8% · 🌾 46.2%
Throwing Axeman ×746 · Knight ×228 · Trade Cart ×32 · Bombard Cannon ×31 · Militia ×20 · Fishing Ship ×6
Match map
Initial resources + every placement click. Lines = walls · curves = elevation contours. ◆ gold · ⬟ stone · ● berries · ✦ relic · ◌ wall gap
Your base· ✓ Closed at 26:05 · 64t walls · 3 gate(s)
GLORY MUSTAF's base· Open — unwalled flank
jaime.camarillo.t's base· Open — unwalled flank
Unleashing Hell's base· Open — unwalled flank
estebassguitar's base· Open — unwalled flank
BRICET27S's base· Open — 7t gap
raffaelepierri1987's base· ✓ Closed at 20:35 · 89t walls · 2 gate(s)
Musaf's base· Open — unwalled flank
Smoothed initial terrain · ◌ = detected wall gap · hover for details
Inputs per minute
— Vae Victis - - GLORY MUSTAF
Build order — Vae Victis
First 150 of 529 actions detected
| 0:06 | Create | Villager (Male) |
| 0:07 | Research | Loom |
| 0:08 | Create | Villager (Male) |
| 0:08 | Create | Villager (Male) |
| 0:09 | Create | Villager (Male) |
| 0:09 | Create | Villager (Male) |
| 0:31 | Build | House |
| 0:32 | Build | House |
| 0:34 | Build | House |
| 2:29 | Create | Villager (Male) |
| 3:04 | Create | Villager (Male) |
| 3:05 | Create | Villager (Male) |
| 3:47 | Create | Villager (Male) |
| 5:31 | Create | Villager (Male) |
| 5:31 | Create | Villager (Male) |
| 5:32 | Create | Villager (Male) |
| 5:32 | Create | Villager (Male) |
| 5:32 | Create | Villager (Male) |
| 6:04 | Build | Lumber Camp |
| 6:32 | Create | Villager (Male) |
| 6:32 | Create | Villager (Male) |
| 6:32 | Create | Villager (Male) |
| 8:06 | Create | Villager (Male) |
| 8:06 | Create | Villager (Male) |
| 8:07 | Create | Villager (Male) |
| 8:20 | Build | House |
| 8:23 | Build | House |
| 9:46 | Build | Mill |
| 9:54 | Create | Villager (Male) ×5 |
| 10:22 | Build | Barracks |
| 10:30 | Build | House |
| 10:32 | Build | House |
| 10:36 | Build | House |
| 10:43 | Build | Palisade Gate |
| 12:01 | Research | Feudal Age |
| 12:12 | Build | Mining Camp |
| 12:44 | Build | Palisade Wall |
| 12:49 | Build | Palisade Gate |
| 13:11 | Build | House |
| 13:13 | Build | House |
| 13:20 | Build | House |
| 14:11 | Age | Feudal Age |
| 14:14 | Research | Wheelbarrow |
| 14:18 | Research | Double-Bit Axe |
| 14:42 | Build | Archery Range |
| 14:59 | Build | Mining Camp |
| 15:02 | Create | Villager (Male) |
| 15:02 | Create | Villager (Male) |
| 15:03 | Create | Villager (Male) |
| 15:13 | Research | Horse Collar |
| 15:36 | Build | Blacksmith |
| 16:07 | Build | Farm |
| 16:10 | Build | Farm |
| 16:11 | Build | Farm |
| 16:12 | Build | Farm |
| 16:14 | Build | Farm |
| 16:17 | Build | Farm |
| 16:20 | Build | Farm |
| 16:21 | Build | Farm |
| 16:27 | Build | Farm |
| 16:57 | Build | Farm |
| 17:08 | Build | Farm |
| 17:10 | Build | Farm |
| 17:15 | Create | Villager (Male) |
| 17:16 | Create | Villager (Male) |
| 17:16 | Create | Villager (Male) |
| 17:36 | Build | Palisade Wall |
| 17:41 | Build | Palisade Gate |
| 17:52 | Build | Farm |
| 18:06 | Create | Villager (Male) |
| 18:06 | Create | Villager (Male) |
| 18:06 | Create | Villager (Male) |
| 18:40 | Research | Gold Mining |
| 18:48 | Research | Stone Mining |
| 19:20 | Create | Villager (Male) |
| 19:20 | Create | Villager (Male) |
| 19:20 | Create | Villager (Male) |
| 19:39 | Build | Palisade Wall |
| 20:19 | Create | Villager (Male) |
| 20:19 | Create | Villager (Male) |
| 21:15 | Create | Villager (Male) |
| 21:15 | Create | Villager (Male) |
| 21:15 | Create | Villager (Male) |
| 21:26 | Build | Farm |
| 21:28 | Build | Farm |
| 21:29 | Build | Farm |
| 21:31 | Build | Farm |
| 22:24 | Build | Palisade Wall |
| 22:42 | Research | Town Watch |
| 23:25 | Research | Castle Age |
| 23:57 | Build | House |
| 23:58 | Build | House |
| 24:00 | Build | House |
| 24:01 | Build | House |
| 24:02 | Build | House |
| 24:25 | Research | Arson |
| 25:38 | Build | House |
| 25:41 | Build | House |
| 25:42 | Build | House |
| 25:44 | Build | House |
| 25:45 | Build | House |
| 25:48 | Build | House |
| 25:51 | Build | House |
| 25:54 | Build | House |
| 26:05 | Age | Castle Age |
| 26:13 | Research | Bow Saw |
| 26:16 | Research | Heavy Plow |
| 26:19 | Research | Hand Cart |
| 26:32 | Build | Town Center |
| 26:40 | Research | Gold Shaft Mining |
| 26:46 | Research | Stone Shaft Mining |
| 26:55 | Research | Fletching |
| 27:08 | Research | Town Patrol |
| 27:52 | Create | Villager (Male) ×5 |
| 28:01 | Create | Villager (Male) |
| 28:02 | Create | Villager (Male) |
| 28:44 | Create | Villager (Male) |
| 28:44 | Create | Villager (Male) |
| 28:44 | Create | Villager (Male) |
| 29:08 | Build | University |
| 29:51 | Build | Castle |
| 30:41 | Research | Ballistics |
| 31:04 | Build | Mining Camp |
| 31:36 | Build | House |
| 31:37 | Build | House |
| 31:39 | Build | House |
| 31:49 | Build | Palisade Wall |
| 31:59 | Build | Gate |
| 32:29 | Build | Castle |
| 32:35 | Research | Eagle Warrior (upgrade) |
| 32:36 | Research | Squires |
| 33:05 | Build | Mining Camp |
| 33:37 | Research | Elite Skirmisher (upgrade) |
| 33:43 | Research | Forging |
| 33:44 | Research | Scale Mail Armor |
| 33:45 | Research | Bodkin Arrow |
| 33:46 | Research | Padded Archer Armor |
| 33:50 | Research | Imperial Age |
| 33:55 | Research | Fortified Wall (upgrade) |
| 34:19 | Build | Castle |
| 34:47 | Create | Villager (Male) |
| 34:47 | Create | Villager (Male) |
| 34:47 | Create | Villager (Male) |
| 34:48 | Create | Villager (Male) |
| 34:48 | Create | Villager (Male) |
| 34:48 | Create | Villager (Male) |
| 34:49 | Create | Villager (Male) |
| 34:49 | Create | Villager (Male) |
| 35:10 | Build | Mining Camp |
| 35:32 | Build | Barracks |
Build order — GLORY MUSTAF
First 150 of 1718 actions detected
| 0:11 | Build | House |
| 0:12 | Build | House |
| 0:14 | Build | House |
| 0:17 | Create | Villager (Male) |
| 0:18 | Create | Villager (Male) |
| 0:18 | Create | Villager (Male) |
| 0:18 | Create | Villager (Male) |
| 0:29 | Research | Loom |
| 1:30 | Build | Lumber Camp |
| 2:14 | Create | Villager (Male) |
| 2:15 | Create | Villager (Male) |
| 2:15 | Create | Villager (Male) |
| 2:42 | Create | Villager (Male) |
| 2:43 | Create | Villager (Male) |
| 2:43 | Create | Villager (Male) |
| 2:43 | Create | Villager (Male) |
| 3:15 | Create | Villager (Male) |
| 3:15 | Create | Villager (Male) |
| 3:36 | Create | Villager (Male) |
| 4:11 | Create | Villager (Male) |
| 4:12 | Create | Villager (Male) |
| 4:12 | Create | Villager (Male) |
| 4:41 | Create | Villager (Male) |
| 4:41 | Create | Villager (Male) |
| 4:41 | Create | Villager (Male) |
| 4:58 | Create | Villager (Male) |
| 4:58 | Create | Villager (Male) |
| 5:23 | Build | Mining Camp |
| 5:47 | Create | Villager (Male) |
| 5:47 | Create | Villager (Male) |
| 5:47 | Create | Villager (Male) |
| 5:47 | Create | Villager (Male) |
| 6:32 | Build | House |
| 6:34 | Build | House |
| 6:36 | Build | House |
| 6:38 | Build | House |
| 6:40 | Build | House |
| 6:45 | Build | House |
| 6:47 | Build | House |
| 6:49 | Build | House |
| 6:56 | Build | House |
| 6:57 | Build | House |
| 7:00 | Build | House |
| 7:02 | Build | House |
| 7:14 | Create | Villager (Male) |
| 7:14 | Create | Villager (Male) |
| 7:15 | Create | Villager (Male) |
| 7:15 | Create | Villager (Male) |
| 8:05 | Build | Mill |
| 8:10 | Create | Villager (Male) |
| 8:11 | Create | Villager (Male) |
| 9:14 | Build | House |
| 9:16 | Build | House |
| 9:19 | Build | House |
| 9:23 | Build | House |
| 9:26 | Build | House |
| 10:19 | Build | Farm |
| 10:21 | Build | Farm |
| 10:22 | Build | Farm |
| 10:26 | Build | Farm |
| 10:47 | Research | Feudal Age |
| 11:37 | Build | Farm |
| 11:50 | Build | Farm |
| 11:57 | Build | Farm |
| 12:11 | Create | Villager (Male) |
| 12:12 | Create | Villager (Male) |
| 12:53 | Build | House |
| 12:54 | Build | House |
| 12:56 | Build | House |
| 12:57 | Age | Feudal Age |
| 12:58 | Build | House |
| 13:00 | Build | House |
| 13:02 | Build | House |
| 13:05 | Build | House |
| 13:16 | Create | Villager (Male) |
| 13:16 | Create | Villager (Male) |
| 13:16 | Create | Villager (Male) |
| 13:17 | Create | Villager (Male) |
| 13:17 | Create | Villager (Male) |
| 13:36 | Research | Double-Bit Axe |
| 14:48 | Build | Market |
| 15:03 | Create | Villager (Male) |
| 15:03 | Create | Villager (Male) |
| 15:03 | Create | Villager (Male) |
| 15:04 | Create | Villager (Male) |
| 15:04 | Create | Villager (Male) |
| 15:04 | Create | Villager (Male) |
| 15:04 | Create | Villager (Male) |
| 15:05 | Create | Villager (Male) |
| 15:05 | Create | Villager (Male) |
| 15:05 | Create | Villager (Male) |
| 15:20 | Build | Mining Camp |
| 16:11 | Build | Blacksmith |
| 16:58 | Research | Horse Collar |
| 17:30 | Build | Barracks |
| 17:52 | Research | Castle Age |
| 18:45 | Build | Mining Camp |
| 19:02 | Build | Stable |
| 19:17 | Build | Farm |
| 19:28 | Build | Farm |
| 19:45 | Build | Farm |
| 20:06 | Build | Farm |
| 20:30 | Build | Farm |
| 20:55 | Build | Barracks |
| 21:02 | Research | Scale Mail Armor |
| 21:03 | Research | Forging |
| 21:06 | Research | Man-at-Arms (upgrade) |
| 21:07 | Create | Militia |
| 21:07 | Create | Militia |
| 21:07 | Create | Militia |
| 21:08 | Create | Militia |
| 21:08 | Create | Militia |
| 21:08 | Create | Militia |
| 21:08 | Create | Militia |
| 21:09 | Create | Militia |
| 21:09 | Create | Militia |
| 21:28 | Age | Castle Age |
| 21:44 | Create | Knight |
| 21:44 | Create | Knight |
| 21:45 | Create | Knight |
| 21:55 | Create | Knight |
| 21:56 | Create | Knight |
| 21:56 | Create | Knight |
| 22:17 | Build | Barracks |
| 22:36 | Research | Bow Saw |
| 22:58 | Research | Gold Mining |
| 22:59 | Research | Stone Mining |
| 23:35 | Build | House |
| 23:35 | Build | House |
| 23:35 | Build | House |
| 23:36 | Build | House |
| 23:36 | Build | House |
| 23:36 | Build | House |
| 23:36 | Build | House |
| 23:37 | Build | House |
| 23:37 | Build | House |
| 23:37 | Build | House |
| 23:38 | Build | House |
| 23:38 | Build | House |
| 23:39 | Build | House |
| 23:39 | Build | House |
| 23:39 | Build | House |
| 23:40 | Build | House |
| 23:40 | Build | House |
| 23:42 | Build | House |
| 23:42 | Build | House |
| 23:43 | Build | House |
| 23:43 | Build | House |
| 23:43 | Build | House |
| 23:43 | Build | House |
Build order — jaime.camarillo.t
First 150 of 1136 actions detected
| 0:03 | Create | Villager (Male) |
| 0:03 | Create | Villager (Male) |
| 0:03 | Create | Villager (Male) |
| 0:04 | Create | Villager (Male) |
| 0:06 | Build | House |
| 1:59 | Create | Villager (Male) |
| 2:01 | Create | Villager (Male) |
| 2:13 | Build | House |
| 2:26 | Create | Villager (Male) |
| 2:51 | Create | Villager (Male) |
| 3:30 | Create | Villager (Male) |
| 3:30 | Create | Villager (Male) |
| 4:08 | Build | Mill |
| 4:13 | Create | Villager (Male) |
| 4:43 | Build | House |
| 4:52 | Create | Villager (Male) |
| 5:11 | Create | Villager (Male) |
| 5:22 | Build | Lumber Camp |
| 5:38 | Research | Loom |
| 6:36 | Create | Villager (Male) |
| 6:36 | Create | Villager (Male) |
| 6:45 | Build | House |
| 6:59 | Create | Villager (Male) |
| 7:44 | Create | Villager (Male) |
| 7:47 | Build | House |
| 8:03 | Create | Villager (Male) |
| 8:17 | Build | Mining Camp |
| 8:22 | Build | Mining Camp |
| 8:26 | Create | Villager (Male) |
| 9:15 | Create | Villager (Male) |
| 9:15 | Create | Villager (Male) |
| 9:36 | Research | Feudal Age |
| 9:48 | Build | Farm |
| 12:06 | Create | Villager (Male) |
| 12:15 | Age | Feudal Age |
| 12:17 | Research | Double-Bit Axe |
| 12:20 | Create | Villager (Male) |
| 12:21 | Create | Villager (Male) |
| 12:41 | Build | Blacksmith |
| 12:47 | Build | Market |
| 13:08 | Build | House |
| 13:09 | Build | House |
| 13:15 | Build | Farm |
| 13:17 | Create | Villager (Male) |
| 13:18 | Create | Villager (Male) |
| 13:34 | Build | Farm |
| 13:50 | Build | Farm |
| 14:13 | Build | Farm |
| 14:15 | Create | Villager (Male) |
| 14:15 | Create | Villager (Male) |
| 14:17 | Create | Villager (Male) |
| 14:24 | Build | Farm |
| 14:36 | Build | Farm |
| 14:37 | Build | Farm |
| 14:37 | Build | Farm |
| 14:38 | Build | Farm |
| 15:15 | Create | Villager (Male) |
| 15:16 | Create | Villager (Male) |
| 15:21 | Build | Barracks |
| 15:40 | Create | Villager (Male) |
| 16:27 | Build | Stable |
| 16:33 | Create | Villager (Male) |
| 16:36 | Create | Villager (Male) |
| 16:37 | Create | Villager (Male) |
| 16:42 | Build | Farm |
| 16:43 | Build | Farm |
| 16:43 | Build | Farm |
| 16:44 | Build | Farm |
| 16:45 | Build | Farm |
| 16:45 | Build | Farm |
| 16:46 | Build | Farm |
| 16:54 | Create | Villager (Male) |
| 17:08 | Build | House |
| 17:09 | Build | House |
| 17:25 | Build | Archery Range |
| 18:07 | Build | House |
| 18:12 | Create | Villager (Male) |
| 18:35 | Research | Castle Age |
| 18:58 | Build | Farm |
| 19:06 | Research | Bloodlines |
| 19:24 | Research | Gold Mining |
| 19:24 | Research | Stone Mining |
| 19:40 | Research | Stone Mining |
| 20:04 | Create | Trade Cart |
| 20:05 | Create | Trade Cart |
| 20:06 | Create | Trade Cart |
| 21:14 | Build | Lumber Camp |
| 21:24 | Research | Town Watch |
| 21:26 | Research | Horse Collar |
| 21:35 | Age | Castle Age |
| 21:36 | Research | Bow Saw |
| 21:47 | Research | Heavy Plow |
| 21:50 | Research | Wheelbarrow |
| 22:12 | Build | Town Center |
| 22:17 | Create | Villager (Male) |
| 22:18 | Create | Villager (Male) |
| 22:19 | Create | Villager (Male) |
| 22:20 | Create | Villager (Male) |
| 23:12 | Build | University |
| 23:24 | Build | Siege Workshop |
| 24:00 | Research | Hand Cart |
| 24:15 | Create | Villager (Male) |
| 24:16 | Create | Villager (Male) |
| 24:16 | Create | Villager (Male) |
| 24:17 | Create | Villager (Male) |
| 24:19 | Create | Villager (Male) |
| 24:46 | Build | Town Center |
| 25:05 | Research | Treadmill Crane |
| 25:09 | Create | Villager (Male) |
| 25:09 | Create | Villager (Male) |
| 25:10 | Create | Villager (Male) |
| 25:11 | Create | Villager (Male) |
| 25:12 | Create | Villager (Male) |
| 25:12 | Create | Villager (Male) |
| 25:13 | Create | Villager (Male) |
| 25:57 | Create | Villager (Male) |
| 25:59 | Create | Villager (Male) |
| 25:59 | Create | Villager (Male) |
| 26:21 | Build | Monastery |
| 26:30 | Research | Gold Shaft Mining |
| 26:35 | Research | Caravan |
| 26:35 | Create | Trade Cart |
| 26:36 | Create | Trade Cart |
| 26:36 | Create | Trade Cart |
| 26:52 | Build | Lumber Camp |
| 27:04 | Build | Lumber Camp |
| 27:13 | Build | House |
| 27:14 | Build | House |
| 27:15 | Create | Monk |
| 27:16 | Create | Monk |
| 27:29 | Build | Farm |
| 27:30 | Create | Villager (Male) |
| 27:31 | Create | Villager (Male) |
| 27:31 | Create | Villager (Male) |
| 27:32 | Create | Villager (Male) |
| 27:32 | Create | Villager (Male) |
| 27:32 | Create | Villager (Male) |
| 27:33 | Create | Villager (Male) |
| 27:33 | Create | Villager (Male) |
| 27:34 | Create | Villager (Male) |
| 27:34 | Create | Villager (Male) |
| 27:35 | Create | Villager (Male) |
| 27:37 | Create | Villager (Male) |
| 27:37 | Create | Villager (Male) |
| 27:37 | Create | Villager (Male) |
| 28:44 | Build | Mining Camp |
| 28:48 | Build | Farm |
| 28:48 | Build | Farm |
| 28:54 | Research | Murder Holes |
| 28:58 | Build | House |
Build order — Unleashing Hell
First 150 of 542 actions detected
| 0:13 | Research | Loom |
| 0:14 | Create | Villager (Male) ×4 |
| 0:17 | Build | House |
| 0:21 | Build | House |
| 0:22 | Build | House |
| 0:23 | Build | House |
| 2:12 | Create | Villager (Male) |
| 2:50 | Build | Lumber Camp |
| 2:52 | Create | Villager (Male) |
| 2:52 | Create | Villager (Male) |
| 3:04 | Create | Villager (Male) |
| 3:38 | Create | Villager (Male) |
| 4:05 | Create | Villager (Male) |
| 4:36 | Create | Villager (Male) |
| 4:36 | Create | Villager (Male) |
| 5:03 | Create | Villager (Male) |
| 5:03 | Create | Villager (Male) |
| 5:41 | Create | Villager (Male) |
| 7:05 | Create | Villager (Male) |
| 7:05 | Create | Villager (Male) |
| 7:08 | Create | Villager (Male) |
| 7:36 | Build | Mining Camp |
| 8:19 | Build | Mill |
| 8:34 | Research | Feudal Age |
| 8:34 | Research | Feudal Age |
| 10:43 | Age | Feudal Age |
| 10:44 | Research | Double-Bit Axe |
| 10:45 | Research | Double-Bit Axe |
| 10:47 | Create | Villager (Male) |
| 10:47 | Create | Villager (Male) |
| 10:47 | Create | Villager (Male) |
| 11:03 | Research | Horse Collar |
| 11:28 | Create | Villager (Male) |
| 11:38 | Build | House |
| 11:42 | Build | House |
| 11:43 | Build | House |
| 11:43 | Build | House |
| 11:45 | Build | House |
| 11:46 | Build | House |
| 11:46 | Build | House |
| 11:47 | Build | House |
| 11:53 | Create | Villager (Male) |
| 12:21 | Research | Gold Mining |
| 12:37 | Create | Villager (Male) |
| 12:37 | Create | Villager (Male) |
| 12:39 | Create | Villager (Male) |
| 13:07 | Build | Farm |
| 13:08 | Build | Farm |
| 13:09 | Build | Farm |
| 13:17 | Build | Farm |
| 13:45 | Create | Villager (Male) |
| 13:45 | Create | Villager (Male) |
| 14:31 | Create | Villager (Male) ×2 |
| 14:38 | Build | Farm |
| 14:40 | Build | Farm |
| 14:43 | Build | Farm |
| 14:44 | Build | Farm |
| 14:45 | Build | Farm |
| 14:46 | Build | Farm |
| 14:49 | Build | Farm |
| 15:05 | Build | Farm |
| 15:17 | Create | Villager (Male) |
| 15:17 | Create | Villager (Male) |
| 15:42 | Build | Mining Camp |
| 15:46 | Create | Villager (Male) |
| 15:47 | Create | Villager (Male) |
| 15:58 | Create | Villager (Male) |
| 16:10 | Create | Villager (Male) |
| 16:25 | Build | Market |
| 16:43 | Build | Blacksmith |
| 16:58 | Research | Stone Mining |
| 17:15 | Create | Villager (Male) |
| 18:18 | Build | Farm |
| 18:19 | Build | Farm |
| 18:20 | Build | Farm |
| 18:21 | Build | Farm |
| 18:46 | Build | Farm |
| 19:22 | Research | Castle Age |
| 20:36 | Research | Wheelbarrow |
| 20:38 | Create | Villager (Male) |
| 20:38 | Create | Villager (Male) |
| 20:38 | Create | Villager (Male) |
| 20:43 | Create | Villager (Male) |
| 22:02 | Age | Castle Age |
| 22:06 | Build | Town Center |
| 22:12 | Build | Castle |
| 22:28 | Build | Town Center |
| 22:32 | Research | Bow Saw |
| 22:36 | Research | Heavy Plow |
| 23:06 | Create | Villager (Male) ×5 |
| 23:14 | Research | Stone Shaft Mining |
| 24:04 | Build | Mining Camp |
| 24:36 | Create | Villager (Male) ×5 |
| 24:52 | Research | Silk Road |
| 25:01 | Research | Hand Cart |
| 25:05 | Research | Town Watch |
| 25:28 | Create | Villager (Male) |
| 25:28 | Create | Villager (Male) |
| 25:28 | Create | Villager (Male) |
| 25:34 | Create | Villager (Male) |
| 25:47 | Create | Villager (Male) |
| 25:47 | Create | Villager (Male) |
| 26:09 | Create | Trade Cart ×5 |
| 26:21 | Create | Villager (Male) |
| 26:22 | Create | Villager (Male) |
| 26:28 | Create | Villager (Male) |
| 26:28 | Create | Villager (Male) |
| 26:33 | Create | Villager (Male) |
| 26:35 | Create | Villager (Male) |
| 26:45 | Create | Genoese Crossbowman ×5 |
| 26:46 | Create | Genoese Crossbowman ×5 |
| 26:46 | Create | Genoese Crossbowman ×2 |
| 27:03 | Build | Mining Camp |
| 27:12 | Create | Villager (Male) |
| 27:12 | Create | Villager (Male) |
| 27:16 | Create | Villager (Male) ×3 |
| 27:35 | Create | Genoese Crossbowman ×4 |
| 27:50 | Create | Villager (Male) |
| 27:55 | Create | Villager (Male) |
| 27:58 | Create | Villager (Male) |
| 27:58 | Create | Villager (Male) |
| 28:04 | Build | Market |
| 28:21 | Research | Fletching |
| 28:24 | Research | Padded Archer Armor |
| 28:26 | Create | Genoese Crossbowman ×5 |
| 28:32 | Build | Market |
| 28:53 | Build | Farm |
| 28:56 | Build | Farm |
| 29:12 | Build | Castle |
| 29:17 | Build | Mining Camp |
| 29:27 | Research | Caravan |
| 29:36 | Create | Villager (Male) ×5 |
| 30:05 | Create | Trade Cart ×5 |
| 30:05 | Create | Trade Cart ×5 |
| 30:05 | Create | Trade Cart ×5 |
| 30:12 | Create | Trade Cart ×3 |
| 30:21 | Build | House |
| 30:23 | Build | House |
| 30:24 | Build | House |
| 30:24 | Build | House |
| 30:25 | Build | House |
| 30:26 | Build | House |
| 30:27 | Build | House |
| 30:28 | Build | House |
| 30:29 | Build | House |
| 30:42 | Research | Bodkin Arrow |
| 30:43 | Research | Leather Archer Armor |
| 30:50 | Build | Mining Camp |
| 30:55 | Build | Barracks |
| 31:00 | Build | University |
Build order — estebassguitar
First 150 of 2057 actions detected
| 0:07 | Create | Villager (Male) |
| 0:08 | Create | Villager (Male) |
| 0:08 | Create | Villager (Male) |
| 0:08 | Create | Villager (Male) |
| 0:08 | Create | Villager (Male) |
| 0:16 | Build | House |
| 0:17 | Build | House |
| 0:18 | Build | House |
| 0:19 | Build | House |
| 2:09 | Build | House |
| 2:10 | Build | House |
| 2:12 | Build | House |
| 2:13 | Build | House |
| 2:50 | Create | Villager (Male) |
| 2:50 | Create | Villager (Male) |
| 2:50 | Create | Villager (Male) |
| 2:50 | Create | Villager (Male) |
| 3:40 | Create | Villager (Male) |
| 3:40 | Create | Villager (Male) |
| 4:13 | Create | Villager (Male) |
| 4:13 | Create | Villager (Male) |
| 4:43 | Create | Villager (Male) |
| 4:43 | Create | Villager (Male) |
| 5:21 | Create | Villager (Male) |
| 5:21 | Create | Villager (Male) |
| 5:32 | Research | Loom |
| 6:05 | Create | Villager (Male) |
| 6:05 | Create | Villager (Male) |
| 6:51 | Create | Villager (Male) |
| 6:52 | Create | Villager (Male) |
| 7:07 | Build | Lumber Camp |
| 9:19 | Create | Villager (Male) |
| 9:21 | Create | Villager (Male) |
| 9:25 | Create | Villager (Male) |
| 9:25 | Create | Villager (Male) |
| 9:29 | Build | Mill |
| 10:11 | Research | Feudal Age |
| 11:18 | Build | Barracks |
| 12:05 | Create | Villager (Male) |
| 12:06 | Create | Villager (Male) |
| 12:06 | Create | Villager (Male) |
| 12:13 | Build | Mining Camp |
| 12:25 | Age | Feudal Age |
| 12:27 | Research | Wheelbarrow |
| 12:33 | Research | Double-Bit Axe |
| 12:39 | Research | Horse Collar |
| 12:52 | Build | Mining Camp |
| 13:38 | Build | Market |
| 13:53 | Create | Villager (Male) |
| 13:54 | Create | Villager (Male) |
| 13:55 | Create | Villager (Male) |
| 13:55 | Create | Villager (Male) |
| 14:22 | Build | Stable |
| 14:24 | Create | Spearman |
| 14:24 | Create | Spearman |
| 14:49 | Build | Blacksmith |
| 15:49 | Create | Villager (Male) |
| 15:50 | Create | Villager (Male) |
| 15:57 | Build | Farm |
| 15:57 | Build | Farm |
| 15:58 | Build | Farm |
| 16:00 | Build | Farm |
| 16:02 | Build | Farm |
| 16:03 | Build | Farm |
| 16:04 | Build | Farm |
| 16:07 | Build | Farm |
| 16:08 | Build | Farm |
| 16:09 | Build | Farm |
| 16:11 | Build | Farm |
| 16:13 | Build | Farm |
| 16:15 | Create | Villager (Male) |
| 16:58 | Create | Villager (Male) |
| 17:11 | Build | Stone Wall |
| 17:17 | Build | Gate |
| 17:23 | Build | Gate |
| 17:28 | Create | Villager (Male) |
| 17:29 | Create | Villager (Male) |
| 17:30 | Create | Villager (Male) |
| 17:33 | Build | Farm |
| 18:08 | Build | Stone Wall |
| 18:14 | Build | Stone Wall |
| 18:18 | Create | Villager (Male) |
| 18:19 | Create | Villager (Male) |
| 18:20 | Create | Villager (Male) |
| 18:34 | Create | Spearman |
| 18:34 | Create | Spearman |
| 18:55 | Build | Stone Wall |
| 19:18 | Build | Stone Wall |
| 19:21 | Build | Gate |
| 19:27 | Build | Stone Wall |
| 19:32 | Build | Stone Wall |
| 19:36 | Create | Villager (Male) |
| 19:37 | Create | Villager (Male) |
| 19:37 | Create | Villager (Male) |
| 19:54 | Research | Gold Mining |
| 19:55 | Research | Stone Mining |
| 20:03 | Build | Gate |
| 20:20 | Build | House |
| 20:21 | Build | House |
| 20:22 | Build | House |
| 20:24 | Build | House |
| 20:25 | Build | House |
| 20:26 | Build | House |
| 20:58 | Build | Gate |
| 21:16 | Build | Gate |
| 21:23 | Create | Villager (Male) |
| 21:24 | Create | Villager (Male) |
| 21:24 | Create | Villager (Male) |
| 21:28 | Build | Farm |
| 21:29 | Build | Farm |
| 21:30 | Build | Farm |
| 21:32 | Build | Farm |
| 21:33 | Build | Farm |
| 21:43 | Create | Trade Cart |
| 21:43 | Create | Trade Cart |
| 22:18 | Build | Gate |
| 22:31 | Create | Villager (Male) |
| 22:35 | Build | Farm |
| 22:37 | Build | Farm |
| 22:44 | Build | Farm |
| 22:52 | Build | House |
| 22:53 | Build | House |
| 22:54 | Build | House |
| 23:16 | Create | Spearman |
| 23:21 | Research | Castle Age |
| 23:27 | Build | Lumber Camp |
| 23:49 | Create | Trade Cart |
| 23:49 | Create | Trade Cart |
| 23:56 | Create | Villager (Male) |
| 24:11 | Build | Gate |
| 24:22 | Build | House |
| 24:23 | Build | House |
| 24:25 | Build | House |
| 25:37 | Create | Villager (Male) |
| 25:38 | Create | Villager (Male) |
| 26:01 | Age | Castle Age |
| 26:06 | Build | Town Center |
| 26:08 | Research | Bow Saw |
| 26:13 | Research | Heavy Plow |
| 26:20 | Research | Caravan |
| 26:33 | Build | Stone Wall |
| 26:42 | Research | Hand Cart |
| 26:51 | Create | Villager (Male) |
| 26:51 | Create | Villager (Male) |
| 26:51 | Create | Villager (Male) |
| 26:52 | Create | Villager (Male) |
| 26:52 | Create | Villager (Male) |
| 26:52 | Create | Villager (Male) |
| 26:53 | Create | Villager (Male) |
| 26:53 | Create | Villager (Male) |
Build order — BRICET27S
First 150 of 796 actions detected
| 0:02 | Research | Loom |
| 0:03 | Create | Villager (Male) |
| 0:03 | Create | Villager (Male) |
| 0:03 | Create | Villager (Male) |
| 0:04 | Create | Villager (Male) |
| 0:08 | Build | House |
| 0:10 | Build | House |
| 0:11 | Build | House |
| 0:13 | Build | House |
| 2:02 | Build | Mill |
| 2:07 | Build | House |
| 2:09 | Build | House |
| 2:20 | Create | Villager (Male) |
| 3:06 | Create | Villager (Male) |
| 3:20 | Build | Lumber Camp |
| 3:33 | Create | Villager (Male) |
| 4:14 | Create | Villager (Male) |
| 5:10 | Create | Villager (Male) |
| 5:54 | Create | Villager (Male) |
| 5:55 | Create | Villager (Male) |
| 5:55 | Create | Villager (Male) |
| 5:55 | Create | Villager (Male) |
| 5:56 | Create | Villager (Male) |
| 7:11 | Build | House |
| 7:13 | Build | House |
| 7:15 | Build | House |
| 7:16 | Build | House |
| 7:20 | Build | House |
| 7:34 | Create | Villager (Male) |
| 7:34 | Create | Villager (Male) |
| 8:31 | Create | Villager (Male) |
| 8:35 | Create | Villager (Male) |
| 9:30 | Create | Villager (Male) |
| 10:14 | Research | Feudal Age |
| 10:26 | Build | House |
| 10:27 | Build | House |
| 10:29 | Build | House |
| 11:04 | Build | Outpost |
| 12:22 | Build | Mining Camp |
| 12:24 | Age | Feudal Age |
| 12:29 | Research | Double-Bit Axe |
| 12:32 | Research | Horse Collar |
| 12:58 | Build | House |
| 12:59 | Build | House |
| 13:03 | Build | House |
| 13:09 | Create | Villager (Male) |
| 13:10 | Create | Villager (Male) |
| 13:10 | Create | Villager (Male) |
| 13:21 | Build | Lumber Camp |
| 13:39 | Build | Farm |
| 13:41 | Create | Villager (Male) |
| 13:42 | Create | Villager (Male) |
| 13:42 | Create | Villager (Male) |
| 14:09 | Build | Farm |
| 14:12 | Build | Farm |
| 14:14 | Build | Farm |
| 14:16 | Build | Farm |
| 14:27 | Build | Farm |
| 14:29 | Create | Villager (Male) |
| 14:29 | Create | Villager (Male) |
| 14:52 | Build | Farm |
| 14:58 | Build | House |
| 15:02 | Build | House |
| 15:22 | Build | Barracks |
| 15:25 | Build | Farm |
| 16:08 | Build | House |
| 16:10 | Build | House |
| 16:11 | Build | House |
| 16:13 | Build | House |
| 16:15 | Build | House |
| 16:16 | Build | House |
| 16:36 | Create | Villager (Male) |
| 16:36 | Create | Villager (Male) |
| 16:44 | Create | Villager (Male) |
| 16:44 | Create | Villager (Male) |
| 16:44 | Create | Villager (Male) |
| 16:44 | Create | Villager (Male) |
| 17:11 | Build | Farm |
| 17:35 | Build | Mill |
| 17:58 | Build | Farm |
| 18:03 | Research | Wheelbarrow |
| 18:12 | Build | Farm |
| 18:19 | Build | Farm |
| 18:46 | Build | Blacksmith |
| 19:10 | Build | Farm |
| 20:02 | Build | Palisade Wall |
| 20:39 | Build | Market |
| 21:12 | Build | Lumber Camp |
| 21:21 | Create | Villager (Male) |
| 21:21 | Create | Villager (Male) |
| 21:29 | Research | Man-at-Arms (upgrade) |
| 21:53 | Build | Farm |
| 21:59 | Research | Castle Age |
| 22:19 | Build | Farm |
| 22:30 | Research | Gold Mining |
| 22:55 | Build | House |
| 22:56 | Build | House |
| 22:57 | Build | House |
| 22:59 | Build | House |
| 23:00 | Build | House |
| 23:03 | Build | House |
| 23:09 | Build | House |
| 23:13 | Build | House |
| 23:14 | Build | House |
| 23:16 | Build | House |
| 23:19 | Build | House |
| 23:43 | Research | Forging |
| 23:43 | Research | Scale Mail Armor |
| 23:50 | Build | Barracks |
| 23:52 | Build | Barracks |
| 24:51 | Age | Castle Age |
| 25:02 | Research | Hand Cart |
| 25:28 | Build | Farm |
| 25:30 | Research | Heavy Plow |
| 25:36 | Build | Farm |
| 25:53 | Build | Lumber Camp |
| 25:56 | Build | Farm |
| 26:07 | Create | Villager (Male) |
| 26:07 | Create | Villager (Male) |
| 26:08 | Create | Villager (Male) |
| 26:08 | Create | Villager (Male) |
| 26:41 | Research | Gold Shaft Mining |
| 26:44 | Build | Farm |
| 26:52 | Research | Long Swordsman (upgrade) |
| 27:21 | Build | Town Center |
| 27:45 | Build | Lumber Camp |
| 27:55 | Build | Mining Camp |
| 28:06 | Create | Villager (Male) |
| 28:06 | Create | Villager (Male) |
| 28:07 | Create | Villager (Male) |
| 28:07 | Create | Villager (Male) |
| 29:12 | Build | Mill |
| 29:19 | Build | Lumber Camp |
| 29:46 | Create | Villager (Male) |
| 29:46 | Create | Villager (Male) |
| 29:46 | Create | Villager (Male) |
| 29:46 | Create | Villager (Male) |
| 29:55 | Build | Lumber Camp |
| 29:58 | Build | Farm |
| 30:20 | Build | Farm |
| 30:48 | Build | Farm |
| 30:56 | Build | Farm |
| 30:56 | Build | Farm |
| 30:56 | Build | Farm |
| 30:57 | Build | Farm |
| 30:57 | Build | Farm |
| 30:57 | Build | Farm |
| 30:58 | Build | Farm |
| 30:58 | Build | Farm |
| 30:58 | Build | Farm |
Build order — raffaelepierri1987
First 150 of 459 actions detected
| 0:01 | Create | Villager (Male) |
| 0:01 | Create | Villager (Male) |
| 0:01 | Create | Villager (Male) |
| 0:02 | Create | Villager (Male) |
| 0:19 | Build | House |
| 1:02 | Build | House |
| 1:03 | Build | House |
| 1:18 | Create | Villager (Male) |
| 1:59 | Create | Villager (Male) |
| 2:00 | Create | Villager (Male) |
| 2:24 | Create | Villager (Male) |
| 2:48 | Build | Mill |
| 2:51 | Create | Villager (Male) |
| 3:23 | Create | Villager (Male) |
| 3:23 | Create | Villager (Male) |
| 3:32 | Create | Villager (Male) |
| 4:03 | Create | Villager (Male) |
| 4:32 | Create | Villager (Male) |
| 4:32 | Create | Villager (Male) |
| 4:37 | Create | Villager (Male) |
| 4:37 | Create | Villager (Male) |
| 5:03 | Create | Villager (Male) |
| 5:04 | Create | Villager (Male) |
| 5:22 | Create | Villager (Male) |
| 5:22 | Create | Villager (Male) |
| 5:55 | Build | House |
| 5:56 | Build | House |
| 5:59 | Create | Villager (Male) |
| 5:59 | Create | Villager (Male) |
| 5:59 | Create | Villager (Male) |
| 6:21 | Create | Villager (Male) |
| 6:22 | Create | Villager (Male) |
| 6:36 | Create | Villager (Male) |
| 6:54 | Create | Villager (Male) |
| 7:10 | Create | Villager (Male) |
| 7:28 | Create | Villager (Male) |
| 7:29 | Create | Villager (Male) |
| 7:57 | Build | Lumber Camp |
| 8:46 | Build | Barracks |
| 8:54 | Create | Villager (Male) |
| 9:05 | Create | Villager (Male) |
| 9:36 | Research | Feudal Age |
| 10:08 | Build | Palisade Wall |
| 10:17 | Create | Villager (Male) |
| 10:18 | Create | Villager (Male) |
| 10:55 | Build | Palisade Wall |
| 11:09 | Build | Palisade Wall |
| 11:14 | Create | Villager (Male) |
| 11:14 | Create | Villager (Male) |
| 11:14 | Create | Villager (Male) |
| 11:35 | Build | House |
| 11:36 | Build | House |
| 11:53 | Age | Feudal Age |
| 12:09 | Create | Villager (Male) |
| 12:09 | Create | Villager (Male) |
| 12:19 | Build | Palisade Wall |
| 12:26 | Build | Farm |
| 12:28 | Build | Farm |
| 12:30 | Create | Villager (Male) |
| 12:30 | Create | Villager (Male) |
| 12:46 | Build | Mill |
| 12:52 | Create | Villager (Male) |
| 13:01 | Build | House |
| 13:18 | Build | Stable |
| 13:23 | Build | Farm |
| 13:25 | Build | Farm |
| 13:28 | Build | Farm |
| 13:29 | Create | Villager (Male) |
| 13:30 | Create | Villager (Male) |
| 13:48 | Create | Villager (Male) |
| 13:53 | Build | House |
| 13:54 | Build | House |
| 14:00 | Build | Mining Camp |
| 14:04 | Build | Farm |
| 14:16 | Build | Palisade Gate |
| 14:26 | Create | Villager (Male) |
| 14:28 | Build | Farm |
| 14:37 | Build | Farm |
| 14:41 | Create | Villager (Male) |
| 15:06 | Build | Mill |
| 15:09 | Create | Villager (Male) |
| 15:13 | Build | Lumber Camp |
| 15:22 | Build | House |
| 15:24 | Build | House |
| 15:27 | Build | House |
| 16:11 | Create | Villager (Male) |
| 16:20 | Build | Palisade Gate |
| 16:26 | Create | Villager (Male) |
| 16:46 | Build | House |
| 16:57 | Create | Villager (Male) |
| 17:00 | Build | Farm |
| 17:09 | Build | Mining Camp |
| 17:25 | Build | Blacksmith |
| 18:01 | Build | Farm |
| 18:09 | Research | Castle Age |
| 18:09 | Research | Castle Age |
| 18:10 | Research | Castle Age |
| 18:19 | Build | Palisade Wall |
| 18:27 | Create | Villager (Male) |
| 18:31 | Research | Horse Collar |
| 18:35 | Research | Stone Mining |
| 18:38 | Research | Double-Bit Axe |
| 18:45 | Build | House |
| 18:53 | Create | Spearman |
| 18:53 | Create | Spearman |
| 18:53 | Create | Spearman |
| 19:07 | Create | Villager (Male) |
| 19:25 | Build | Lumber Camp |
| 19:45 | Build | House |
| 19:47 | Build | House |
| 19:51 | Create | Villager (Male) |
| 19:51 | Create | Villager (Male) |
| 19:56 | Create | Spearman |
| 19:56 | Create | Spearman |
| 19:57 | Create | Spearman |
| 20:09 | Build | Farm |
| 20:35 | Age | Castle Age |
| 20:36 | Build | Farm |
| 20:47 | Create | Villager (Male) |
| 21:04 | Create | Knight |
| 21:08 | Research | Heavy Plow |
| 21:13 | Build | Palisade Gate |
| 21:19 | Build | Farm |
| 21:28 | Build | Farm |
| 21:31 | Create | Villager (Male) |
| 21:45 | Create | Villager (Male) |
| 22:04 | Create | Villager (Male) |
| 22:12 | Create | Villager (Male) |
| 22:15 | Build | Town Center |
| 22:21 | Create | Villager (Male) |
| 22:23 | Build | Castle |
| 22:46 | Create | Villager (Male) |
| 22:46 | Create | Villager (Male) |
| 22:50 | Build | Farm |
| 23:13 | Build | Farm |
| 23:24 | Research | Gold Mining |
| 23:32 | Build | Siege Workshop |
| 23:39 | Create | Knight |
| 23:39 | Create | Knight |
| 23:47 | Build | Archery Range |
| 23:52 | Create | Villager (Male) |
| 23:53 | Create | Villager (Male) |
| 23:54 | Build | Farm |
| 23:57 | Build | Farm |
| 24:01 | Create | Villager (Male) |
| 24:02 | Create | Villager (Male) |
| 24:03 | Research | Loom |
| 24:07 | Create | Villager (Male) |
| 24:18 | Build | Town Center |
| 24:27 | Build | Farm |
Build order — Musaf
First 150 of 560 actions detected
| 0:05 | Create | Villager (Male) ×4 |
| 0:09 | Build | House |
| 1:52 | Build | House |
| 1:53 | Build | House |
| 1:56 | Build | House |
| 2:03 | Create | Villager (Male) |
| 2:03 | Create | Villager (Male) |
| 2:04 | Create | Villager (Male) |
| 2:50 | Create | Villager (Male) |
| 2:59 | Build | Mill |
| 3:46 | Create | Villager (Male) |
| 3:47 | Create | Villager (Male) |
| 3:47 | Create | Villager (Male) |
| 4:26 | Create | Villager (Male) |
| 4:56 | Create | Villager (Male) |
| 4:56 | Create | Villager (Male) |
| 5:24 | Create | Villager (Male) |
| 5:25 | Create | Villager (Male) |
| 6:25 | Create | Villager (Male) |
| 6:28 | Create | Villager (Male) |
| 7:06 | Create | Villager (Male) |
| 7:33 | Create | Villager (Male) |
| 8:10 | Build | Lumber Camp |
| 8:17 | Create | Villager (Male) |
| 8:26 | Create | Villager (Male) |
| 8:51 | Create | Villager (Male) |
| 9:28 | Research | Feudal Age |
| 9:36 | Build | House |
| 9:37 | Build | House |
| 9:39 | Build | House |
| 10:01 | Build | Dock |
| 11:03 | Build | Lumber Camp |
| 11:22 | Build | Farm |
| 11:24 | Build | Farm |
| 11:25 | Build | Farm |
| 11:28 | Build | Farm |
| 11:30 | Build | Farm |
| 11:33 | Build | Farm |
| 11:46 | Age | Feudal Age |
| 11:49 | Create | Villager (Male) ×5 |
| 11:58 | Build | Stone Wall |
| 12:19 | Build | Farm |
| 12:19 | Build | Farm |
| 12:28 | Create | Villager (Male) |
| 13:00 | Build | Farm |
| 13:10 | Build | Farm |
| 13:22 | Build | Stone Wall |
| 13:34 | Build | Farm |
| 13:43 | Create | Demolition Raft |
| 13:49 | Create | Fishing Ship |
| 13:52 | Create | Fishing Ship |
| 14:03 | Create | Fishing Ship |
| 14:10 | Build | Farm |
| 14:13 | Create | Villager (Male) |
| 14:49 | Build | Farm |
| 14:53 | Build | Farm |
| 14:59 | Create | Villager (Male) |
| 15:01 | Create | Villager (Male) |
| 15:36 | Build | Farm |
| 15:54 | Build | Mining Camp |
| 16:46 | Create | Villager (Male) |
| 16:47 | Create | Villager (Male) |
| 16:47 | Create | Villager (Male) |
| 16:59 | Build | House |
| 17:00 | Build | House |
| 17:08 | Build | House |
| 17:21 | Research | Loom |
| 17:33 | Create | Fishing Ship |
| 17:33 | Create | Fishing Ship |
| 17:33 | Create | Fishing Ship |
| 17:39 | Research | Tech 906 |
| 18:11 | Build | Stone Wall |
| 18:41 | Create | Villager (Male) |
| 18:42 | Create | Villager (Male) |
| 18:44 | Create | Villager (Male) ×5 |
| 19:21 | Build | Mining Camp |
| 19:53 | Build | House |
| 19:54 | Build | House |
| 20:09 | Build | Stone Wall |
| 20:22 | Create | Villager (Male) |
| 20:28 | Research | Double-Bit Axe |
| 20:30 | Research | Stone Mining |
| 20:32 | Research | Gold Mining |
| 20:59 | Build | Market |
| 21:31 | Build | Fish Trap |
| 21:33 | Build | Fish Trap |
| 21:35 | Build | Fish Trap |
| 21:47 | Build | Blacksmith |
| 22:13 | Build | Gate |
| 22:42 | Research | Wheelbarrow |
| 23:45 | Build | Fish Trap |
| 23:48 | Build | Fish Trap |
| 23:51 | Build | Fish Trap |
| 24:05 | Build | Gate |
| 24:09 | Create | Villager (Male) |
| 24:11 | Create | Villager (Male) |
| 24:36 | Research | Castle Age |
| 24:38 | Research | Forging |
| 24:38 | Research | Scale Mail Armor |
| 24:38 | Research | Scale Barding Armor |
| 24:39 | Research | Fletching |
| 24:39 | Research | Padded Archer Armor |
| 24:59 | Build | Stone Wall |
| 25:06 | Create | Trade Cart |
| 25:07 | Create | Trade Cart |
| 25:09 | Create | Trade Cart |
| 26:03 | Build | Barracks |
| 26:05 | Build | Barracks |
| 26:07 | Build | Barracks |
| 27:24 | Build | Stone Wall |
| 27:39 | Age | Castle Age |
| 27:52 | Build | Town Center |
| 28:05 | Build | Castle |
| 28:09 | Research | Iron Casting |
| 28:10 | Research | Chain Mail Armor |
| 28:10 | Research | Chain Barding Armor |
| 28:11 | Research | Bodkin Arrow |
| 28:11 | Research | Leather Archer Armor |
| 28:15 | Research | Hand Cart |
| 28:16 | Research | Town Watch |
| 28:26 | Research | Caravan |
| 28:27 | Create | Trade Cart |
| 28:28 | Create | Trade Cart |
| 29:04 | Research | Gold Shaft Mining |
| 29:09 | Research | Bow Saw |
| 29:10 | Create | Villager (Male) ×5 |
| 29:36 | Create | Villager (Male) ×5 |
| 29:38 | Research | Gambesons |
| 29:40 | Research | Squires |
| 29:41 | Research | Arson |
| 29:53 | Build | Stable |
| 29:54 | Build | Stable |
| 29:57 | Build | Stable |
| 29:58 | Build | Stable |
| 30:00 | Build | Stable |
| 30:00 | Build | Stable |
| 30:19 | Build | Stone Wall |
| 30:34 | Build | Stone Wall |
| 30:41 | Build | Stone Wall |
| 30:53 | Build | Stone Wall |
| 31:03 | Research | Bearded Axe |
| 31:13 | Create | Villager (Male) ×5 |
| 31:17 | Research | Man-at-Arms (upgrade) |
| 31:21 | Research | Pikeman (upgrade) |
| 31:22 | Research | Husbandry |
| 31:31 | Research | Town Patrol |
| 32:00 | Research | Long Swordsman (upgrade) |
| 32:01 | Create | Militia ×2 |
| 32:14 | Build | Farm |
| 32:17 | Build | Farm |
Match timeline
| 8:46 | raffaelepierri1987 · first_building Barracks |
| 10:01 | Musaf · first_building Dock |
| 10:08 | raffaelepierri1987 · wall_segment Palisade Wall x22 |
| 10:22 | Vae Victis · first_building Barracks |
| 10:43 | Unleashing Hell · age_up feudal |
| 10:55 | raffaelepierri1987 · wall_segment Palisade Wall x20 |
| 11:09 | raffaelepierri1987 · wall_segment Palisade Wall x18 |
| 11:18 | estebassguitar · first_building Barracks |
| 11:46 | Musaf · age_up feudal |
| 11:53 | raffaelepierri1987 · age_up feudal |
| 11:58 | Musaf · wall_segment Stone Wall x9 |
| 12:15 | jaime.camarillo.t · age_up feudal |
| 12:19 | raffaelepierri1987 · wall_segment Palisade Wall x15 |
| 12:24 | BRICET27S · age_up feudal |
| 12:25 | estebassguitar · age_up feudal |
| 12:44 | Vae Victis · wall_segment Palisade Wall x23 |
| 12:57 | GLORY MUSTAF · age_up feudal |
| 13:18 | raffaelepierri1987 · first_building Stable |
| 13:22 | Musaf · wall_segment Stone Wall x23 |
| 14:11 | Vae Victis · age_up feudal |
| 14:22 | estebassguitar · first_building Stable |
| 14:42 | Vae Victis · first_building Archery Range |
| 15:21 | jaime.camarillo.t · first_building Barracks |
| 15:22 | BRICET27S · first_building Barracks |
| 16:27 | jaime.camarillo.t · first_building Stable |
| 16:32 | GLORY MUSTAF · first_market_buy 100 food |
| 17:11 | estebassguitar · wall_segment Stone Wall x18 |
| 17:25 | jaime.camarillo.t · first_building Archery Range |
| 17:30 | GLORY MUSTAF · first_building Barracks |
| 17:36 | Vae Victis · wall_segment Palisade Wall x14 |
| 18:08 | estebassguitar · wall_segment Stone Wall x11 |
| 18:11 | Musaf · wall_segment Stone Wall x7 |
| 18:14 | estebassguitar · wall_segment Stone Wall x17 |
| 18:19 | raffaelepierri1987 · wall_segment Palisade Wall x14 |
| 18:39 | Unleashing Hell · first_market_buy 100 food |
| 18:55 | estebassguitar · wall_segment Stone Wall x21 |
| 19:02 | GLORY MUSTAF · first_building Stable |
| 19:18 | estebassguitar · wall_segment Stone Wall x4 |
| 19:27 | estebassguitar · wall_segment Stone Wall x2 |
| 19:32 | estebassguitar · wall_segment Stone Wall x1 |
| 19:39 | Vae Victis · wall_segment Palisade Wall x13 |
| 20:02 | BRICET27S · wall_segment Palisade Wall x40 |
| 20:09 | Musaf · wall_segment Stone Wall x4 |
| 20:35 | raffaelepierri1987 · age_up castle |
| 21:28 | GLORY MUSTAF · age_up castle |
| 21:35 | jaime.camarillo.t · age_up castle |
| 22:02 | Unleashing Hell · age_up castle |
| 22:12 | Unleashing Hell · first_building Castle |
| 22:23 | raffaelepierri1987 · first_building Castle |
| 22:24 | Vae Victis · wall_segment Palisade Wall x14 |
| 23:24 | jaime.camarillo.t · first_building Siege Workshop |
| 23:32 | raffaelepierri1987 · first_building Siege Workshop |
| 23:47 | raffaelepierri1987 · first_building Archery Range |
| 24:51 | BRICET27S · age_up castle |
| 24:59 | Musaf · wall_segment Stone Wall x25 |
| 26:01 | estebassguitar · age_up castle |
| 26:03 | Musaf · first_building Barracks |
| 26:05 | Vae Victis · age_up castle |
| 26:21 | jaime.camarillo.t · first_building Monastery |
| 26:33 | estebassguitar · wall_segment Stone Wall x21 |
| 27:24 | Musaf · wall_segment Stone Wall x6 |
| 27:39 | Musaf · age_up castle |
| 28:05 | Musaf · first_building Castle |
| 28:08 | GLORY MUSTAF · wall_segment Palisade Wall x9 |
| 29:01 | GLORY MUSTAF · first_building Castle |
| 29:51 | Vae Victis · first_building Castle |
| 29:53 | Musaf · first_building Stable |
| 30:03 | estebassguitar · first_building Castle |
| 30:19 | Musaf · wall_segment Stone Wall x28 |
| 30:34 | Musaf · wall_segment Stone Wall x3 |
| 30:41 | Musaf · wall_segment Stone Wall x4 |
| 30:53 | Musaf · wall_segment Stone Wall x2 |
| 30:55 | Unleashing Hell · first_building Barracks |
| 30:59 | estebassguitar · first_building Siege Workshop |
| 31:49 | Vae Victis · wall_segment Palisade Wall x2 |
| 31:53 | Unleashing Hell · first_building Archery Range |
| 31:55 | GLORY MUSTAF · wall_segment Palisade Wall x5 |
| 32:10 | jaime.camarillo.t · first_building Castle |
| 32:11 | raffaelepierri1987 · wall_segment Stone Wall x12 |
| 32:16 | estebassguitar · first_building Monastery |
| 32:33 | BRICET27S · first_building Stable |
| 33:38 | raffaelepierri1987 · age_up imperial |
| 33:51 | Musaf · first_building Monastery |
| 34:03 | raffaelepierri1987 · wall_segment Stone Wall x8 |
| 35:42 | raffaelepierri1987 · wall_segment Stone Wall x4 |
| 35:48 | raffaelepierri1987 · wall_segment Stone Wall x7 |
| 36:43 | Unleashing Hell · age_up imperial |
| 37:00 | Vae Victis · age_up imperial |
| 37:14 | jaime.camarillo.t · age_up imperial |
| 37:59 | Musaf · first_building Siege Workshop |
| 38:34 | GLORY MUSTAF · first_market_sell 100 stone |
| 38:42 | estebassguitar · age_up imperial |
| 38:58 | Musaf · wall_segment Stone Wall x8 |
| 41:07 | Musaf · wall_segment Stone Wall x2 |
| 41:31 | Unleashing Hell · first_building Siege Workshop |
| 42:44 | Musaf · wall_segment Stone Wall x22 |
| 42:55 | GLORY MUSTAF · wall_segment Palisade Wall x10 |
| 43:25 | BRICET27S · first_market_buy 100 stone |
| 43:34 | BRICET27S · first_building Castle |
| 45:24 | Musaf · age_up imperial |
| 46:29 | Vae Victis · first_building Monastery |
| 47:08 | Musaf · wall_segment Stone Wall x9 |
| 47:12 | GLORY MUSTAF · age_up imperial |
| 47:17 | BRICET27S · first_building Siege Workshop |
| 50:00 | Unleashing Hell · tribute_sent a jugador 1 |
| 50:00 | Unleashing Hell · tribute_sent a jugador 2 |
| 50:00 | Unleashing Hell · tribute_sent a jugador 4 |
| 50:00 | Unleashing Hell · tribute_sent a jugador 5 |
| 50:00 | Unleashing Hell · tribute_sent a jugador 6 |
| 50:00 | Unleashing Hell · tribute_sent a jugador 7 |
| 50:00 | Unleashing Hell · tribute_sent a jugador 8 |
| 51:43 | Musaf · wall_segment Stone Wall x1 |
| 52:22 | raffaelepierri1987 · resign |
| 52:51 | BRICET27S · first_building Archery Range |
| 56:42 | estebassguitar · first_building Archery Range |
| 58:48 | Musaf · first_market_sell 500 wood |
| 60:42 | Musaf · wall_segment Stone Wall x17 |
| 64:17 | Musaf · wall_segment Stone Wall x14 |
| 68:58 | Musaf · wall_segment Stone Wall x1 |
| 69:06 | Musaf · wall_segment Stone Wall x16 |
| 70:42 | estebassguitar · first_market_buy 100 food |
| 72:00 | jaime.camarillo.t · first_market_buy 100 wood |
| 72:39 | Vae Victis · wall_segment Palisade Wall x5 |
| 81:49 | BRICET27S · first_market_sell 100 food |
| 83:55 | Musaf · wall_segment Stone Wall x7 |
| 84:55 | Musaf · wall_segment Stone Wall x31 |
| 86:53 | Musaf · wall_segment Stone Wall x7 |
| 86:58 | Musaf · wall_segment Stone Wall x1 |
| 91:24 | BRICET27S · age_up imperial |
| 98:14 | Musaf · wall_segment Stone Wall x3 |
| 98:17 | Musaf · wall_segment Stone Wall x3 |
| 103:38 | Unleashing Hell · first_market_sell 500 food |
| 103:47 | Musaf · wall_segment Stone Wall x2 |
| 103:51 | Musaf · wall_segment Stone Wall x16 |
| 105:16 | BRICET27S · wall_segment Palisade Wall x27 |
| 106:23 | Vae Victis · first_market_buy 100 wood |
| 113:41 | estebassguitar · tribute_sent a jugador 1 |
| 113:41 | estebassguitar · tribute_sent a jugador 2 |
| 113:41 | estebassguitar · tribute_sent a jugador 3 |
| 113:41 | estebassguitar · tribute_sent a jugador 5 |
| 113:41 | estebassguitar · tribute_sent a jugador 6 |
| 113:41 | estebassguitar · tribute_sent a jugador 7 |
| 113:41 | estebassguitar · tribute_sent a jugador 8 |
[ AI ANALYSIS · 1 CREDIT ]
What really happened in this match?
Wolo.gg analyzes every decision: build order, eco, micro, common mistakes by bracket. Personalized analysis on WhatsApp or Discord in 30 seconds.
Civ guide
Aztecs
Perfil
Jugador #4370039